 Dungeon Crawl Stone Soup version 0.29-a0-1039-gfc20370e89 (webtiles) character file.

Game seed: 15262482835190183975

32529 Gargoyl the Cleaver (level 13, -15/124 HPs)
             Began as a Gargoyle Berserker on Aug 15, 2022.
             Was an Elder of Trog.
             Demolished by Rupert
             ... wielding a +2 great mace of draining
              (18 damage)
             ... on level 4 of the Lair of Beasts.
             The game lasted 00:17:59 (16530 turns).

Gargoyl the Cleaver (Gargoyle Berserker)           Turns: 16530, Time: 00:18:00

Health: -15/124    AC: 20    Str: 23    XL:     13   Next: 65%
Magic:  13/13      EV: 14    Int:  7    God:    Trog [****..]
Gold:   800        SH: 11    Dex: 13    Spells: 12/12 levels left

rFire   . . .      SeeInvis .   x - +7 broad axe (elec)
rCold   + . .      Faith    .   r - +0 buckler
rNeg    + . .      Spirit   .   H - +0 acid dragon scales
rPois   ∞          Reflect  +   (no helmet)
rElec   +          Harm     .   b - +0 cloak {rCorr}
rCorr   +          Rampage  .   (no gloves)
Will    ++...                   p - +1 pair of boots
Stlth   ..........              l - amulet of reflection
HPRegen 1.30/turn               i - ring of flight
MPRegen 0.13/turn               q - ring of protection from cold

@: berserking (expiring), strong-willed, flying, regenerating, very quick
A: sickness immunity, AC +9, negative energy resistance 1, electricity
resistance, torment resistance 1, petrification resistance
a: Renounce Religion, Berserk, Trog's Hand, Brothers in Arms


You were on level 4 of the Lair of Beasts.
You worshipped Trog.
Trog was greatly pleased with you.
You visited 2 branches of the dungeon, and saw 15 of its levels.

You collected 890 gold pieces.
You spent 90 gold pieces at shops.

Inventory:

Hand Weapons
 a - a +1 hand axe of venom
 c - a +2 morningstar of protection
 h - a +2 whip of flaming
 x - a +7 broad axe of electrocution (weapon)
 y - a +5 trident of venom
Missiles
 d - 45 poisoned darts (quivered)
 A - 5 throwing nets
Armour
 b - a +0 cloak of preservation (worn)
 p - a +1 pair of boots (worn)
 r - a +0 buckler (worn)
 H - +0 acid dragon scales (worn)
Jewellery
 i - a ring of flight (left hand)
 k - a +4 ring of evasion
 l - an amulet of reflection (around neck)
 q - a ring of protection from cold (right hand)
 t - a ring of magical power
 u - a ring of protection from cold
 w - an amulet of faith
 z - a ring of see invisible
 B - a ring of protection from fire
 G - a ring of resist corrosion
Wands
 m - a wand of iceblast (14)
 s - a wand of paralysis (13)
 E - a wand of mindburst (16)
 I - a wand of digging (7)
Scrolls
 f - 5 scrolls of butterflies
 v - 6 scrolls of teleportation
Potions
 e - 3 potions of curing
 g - a potion of haste
 j - 4 potions of lignification
 n - 2 potions of resistance
 o - 2 potions of heal wounds
 C - 2 potions of ambrosia
 D - a potion of might
 F - 3 potions of mutation
 L - a potion of magic {unknown}


   Skills:
 + Level 10.6 Fighting
 + Level 14.1(14.3) Axes
 + Level 4.4(10.9) Maces & Flails
 + Level 0.6 Throwing
 + Level 6.5 Armour
 + Level 6.6 Dodging
 + Level 5.3 Stealth
 + Level 10.3 Shields


You had 12 spell levels left.
You didn't know any spells.
Your spell library was empty.

Dungeon Overview and Level Annotations

Branches:
Dungeon (11/15)            Temple (0/1) D:5            Lair (4/5) D:11
 Shoals (0/4) Lair:3        Snake (0/4) Lair:2          Orc (0/2) D:10
  Slime: Lair:4-5

Altars:
Cheibriados
Elyvilon
Makhleb
Sif Muna
Vehumet
Xom
Yredelemnul

Shops:
D:1 (   D:5 ?

Annotations:
Lair:4 Rupert


Innate Abilities, Weirdness & Mutations

You are immune to sickness and miasma.
Your stone body is resilient. (AC +9)
You are immune to poison.
You resist negative energy. (rN+)
You are resistant to electric shocks. (rElec)
You are resistant to unholy torment.
You are immune to petrification.


Message History

You feel much better.
Rupert hits you with a +2 great mace of draining!!!
You block Rupert's attack.
You feel much better.
Rupert hits you with a +2 great mace of draining.
You feel much better.
You feel the effects of Trog's Hand fading.
Rupert misses you.
Rupert hits you with a +2 great mace of draining!
Your skin crawls.
You feel strong-willed.
Rupert hits you with a +2 great mace of draining!
A red film seems to cover your vision as you go berserk!
You feel yourself moving faster!
You feel mighty!
Rupert hits you with a +2 great mace of draining!!!
* * * LOW HITPOINT WARNING * * *
You block Rupert's attack.
You closely miss Rupert.
Rupert is lightly wounded.
Rupert barely misses you.
You completely miss Rupert.
Rupert is lightly wounded.
Rupert closely misses you.
You slice Rupert!!
Rupert is moderately wounded.
You block Rupert's attack.
You closely miss Rupert.
Rupert is moderately wounded.
You block Rupert's attack.
You barely miss Rupert.
Rupert is moderately wounded.
You hit Rupert.
Rupert is moderately wounded.
Rupert hits you with a +2 great mace of draining!!
* * * LOW HITPOINT WARNING * * *
Unknown command.
You slice Rupert!!
Rupert is moderately wounded.
Rupert hits you with a +2 great mace of draining!!
You die...

###### #..#.##.##.....#
#.##.#####.#..#.#.....##
...##.#..#.P.##(..##.#.#
##...........##...##..##
##.................P.##
..#P.......#..........#
.....##.##..##<......##
...........###......##
######...### #.#@..P# .#
###P#.####.#@.###
P####.###..P##.#..#
###............#..#
.#...##.#.##.###(..#
##..#.######## ##..#
.#...## ..## ###.#.# #..
# #..## #..


You could see Rupert (berserk).

Vanquished Creatures
  Harold (Lair:1)
  2 hydras
  2 two-headed ogres
  A centaur warrior (D:10)
  2 catoblepae
  A skeletal warrior (D:10)
  Pikel (D:5)
  A cyclops (D:9)
  An ugly thing (D:11)
  8 elephants
  5 black mambas
  5 cane toads
  Joseph (D:7)
  7 komodo dragons
  A kobold demonologist (D:10)
  4 trolls
  4 blink frogs (Lair:2)
  4 wyverns
  2 wraiths
  41 yaks
  3 shadows
  2 basilisks
  3 wargs (D:11)
  An acid dragon (D:10)
  9 water moccasins
  Duvessa (D:7)
  2 sky beasts
  A black bear (Lair:3)
  4 orc warriors
  6 centaurs
  An ogre (D:4)
  8 wolves
  A lemure (D:5)
  2 phantoms
  6 kobold brigands
  14 bullfrogs
  A gnoll sergeant (D:9)
  8 scorpions
  17 wights
  Dowan (D:7)
  10 killer bees
  5 howler monkeys
  2 jellies (Lair:4)
  9 orc priests
  2 gnoll boudas (D:9)
  3 hounds
  Crazy Yiuf (D:7)
  3 iguanas
  18 orc wizards
  9 gnolls (D:9)
  3 adders (D:6)
  2 shadow imps
  2 white imps
  An ufetubus (D:6)
  3 worms
  A dart slug (D:4)
  25 orcs
  7 endoplasms
  7 giant cockroaches
  5 goblins
  3 hobgoblins (D:1)
  4 jackals (D:4)
  4 quokkas
  5 ball pythons
  7 bats
  21 kobolds
  5 rats
352 creatures vanquished.

Vanquished Creatures (collateral kills)
  A hydra (Lair:1)
  A komodo dragon (Lair:3)
2 creatures vanquished.

Vanquished Creatures (others)
  22 fungi
  9 plants
31 creatures vanquished.

Grand Total: 385 creatures vanquished

Notes
Turn   | Place    | Note
-------+----------+-------------------------------------------
     0 | D:1      | Gargoyl the Gargoyle Berserker began the quest for the Orb.
     0 | D:1      | Reached XP level 1. HP: 14/14 MP: 1/1
     4 | D:1      | Noticed a demonspawn
     4 | D:1      | Noticed a vampire
     7 | D:1      | Noticed an elf
     9 | D:1      | Noticed a merfolk
     9 | D:1      | Noticed a minotaur
    11 | D:1      | Noticed a spriggan
    11 | D:1      | Noticed a gargoyle
    13 | D:1      | Noticed a formicid
    13 | D:1      | Noticed an ogre
    15 | D:1      | Noticed a draconian
    15 | D:1      | Noticed a felid
    17 | D:1      | Noticed an octopode
    17 | D:1      | Noticed a vine stalker
    19 | D:1      | Noticed a human
    19 | D:1      | Noticed a troll
    21 | D:1      | Noticed a naga
    21 | D:1      | Noticed a tengu
    23 | D:1      | Noticed a demigod
    23 | D:1      | Noticed a ghoul
    25 | D:1      | Noticed a dwarf
    25 | D:1      | Noticed a spriggan
    27 | D:1      | Noticed a spriggan
    27 | D:1      | Noticed an ogre
   397 | D:1      | Reached XP level 2. HP: 12/19 MP: 2/2
   692 | D:1      | Found a faded altar of an unknown god.
  1313 | D:1      | Found Wicepa Xeto's Antique Weapon Shoppe.
  1509 | D:2      | Reached skill level 1 in Maces & Flails
  1625 | D:2      | Reached XP level 3. HP: 24/24 MP: 3/3
  1659 | D:2      | Found a basalt altar of Yredelemnul.
  2447 | D:3      | Noticed a scorpion
  2452 | D:3      | Killed a scorpion
  2452 | D:3      | Reached ** piety under Trog
  2453 | D:3      | Reached skill level 1 in Stealth
  2453 | D:3      | Reached XP level 4. HP: 29/29 MP: 4/4
  2731 | D:4      | Noticed an ogre
  2741 | D:4      | Killed an ogre
  2742 | D:4      | Reached skill level 3 in Axes
  2742 | D:4      | Reached skill level 1 in Shields
  2742 | D:4      | Reached XP level 5. HP: 23/33 MP: 5/5
  2958 | D:4      | Reached XP level 6. HP: 19/38 MP: 6/6
  3431 | D:5      | Entered Level 5 of the Dungeon
  3515 | D:5      | Found Beipirom's Magic Scroll Emporium.
  3537 | D:5      | Reached XP level 7. HP: 22/44 MP: 7/7
  3716 | D:5      | Bought a scroll of teleportation for 45 gold pieces
  3716 | D:5      | Bought a scroll of teleportation for 45 gold pieces
  3796 | D:5      | Noticed Pikel
  3805 | D:5      | HP: 2/44 [Pikel/+2 whip of flaming (2)]
  3817 | D:5      | Killed Pikel
  3818 | D:5      | Reached skill level 5 in Fighting
  3818 | D:5      | Reached skill level 4 in Axes
  3818 | D:5      | Reached XP level 8. HP: 10/49 MP: 8/8
  4079 | D:5      | Found a staircase to the Ecumenical Temple.
  4324 | D:5      | Reached skill level 5 in Axes
  4939 | D:6      | Identified a scroll of acquirement
  4939 | D:6      | Acquired a +5 broad axe of electrocution
  5041 | D:6      | Reached XP level 9. HP: 18/55 MP: 9/9
  5098 | D:6      | Reached skill level 6 in Axes
  5465 | D:6      | Reached skill level 5 in Shields
  5481 | D:6      | Found a white marble altar of Elyvilon.
  6337 | D:7      | Reached skill level 7 in Axes
  6671 | D:7      | Reached *** piety under Trog
  6687 | D:7      | Noticed Duvessa
  6691 | D:7      | Reached XP level 10. HP: 40/61 MP: 10/10
  6692 | D:7      | Reached skill level 8 in Axes
  6693 | D:7      | Noticed Dowan
  6700 | D:7      | Killed Dowan
  6704 | D:7      | Killed Duvessa
  6731 | D:7      | Noticed Joseph
  6755 | D:7      | Killed Joseph
  6940 | D:7      | Found a radiant altar of Vehumet.
  7034 | D:7      | Reached skill level 5 in Dodging
  7321 | D:7      | Found a runed translucent door.
  7322 | D:7      | Noticed Crazy Yiuf
  7400 | D:7      | Killed Crazy Yiuf
  7491 | D:8      | Noticed a two-headed ogre
  7501 | D:8      | Killed a two-headed ogre
  7752 | D:8      | Reached skill level 9 in Axes
  8326 | D:9      | Reached **** piety under Trog
  8747 | D:9      | Noticed a cyclops
  8764 | D:9      | Killed a cyclops
  8765 | D:9      | Reached skill level 10 in Axes
  8765 | D:9      | Reached XP level 11. HP: 46/68 MP: 11/11
  8790 | D:9      | You are sucked into a shaft and drop 2 floors!
  8794 | D:11     | Noticed a purple ugly thing
  8804 | D:11     | Killed a purple ugly thing
  8937 | D:11     | Found a staircase to the Lair.
  9156 | D:10     | Entered Level 10 of the Dungeon
  9163 | D:10     | Found a snail-covered altar of Cheibriados.
  9163 | D:10     | Found a shimmering altar of Xom.
  9210 | D:10     | Found a staircase to the Orcish Mines.
  9546 | D:10     | Noticed a two-headed ogre
  9549 | D:10     | Noticed a six-headed hydra
  9550 | D:10     | Noticed a skeletal warrior
  9890 | D:10     | Noticed a centaur warrior
  9902 | D:10     | Killed a centaur warrior
  9921 | D:10     | Reached skill level 11 in Axes
 10254 | D:9      | Found a shimmering blue altar of Sif Muna.
 10522 | D:9      | Reached ***** piety under Trog
 11303 | D:10     | Killed a six-headed hydra
 11304 | D:10     | Reached XP level 12. HP: 76/76 MP: 12/12
 11568 | D:10     | Reached skill level 12 in Axes
 11737 | D:10     | Killed a two-headed ogre
 12056 | Lair:1   | Entered Level 1 of the Lair of Beasts
 12118 | Lair:1   | Reached skill level 5 in Armour
 12411 | Lair:1   | Noticed Harold
 12416 | Lair:1   | Noticed a four-headed hydra
 12421 | Lair:1   | Killed Harold
 12447 | Lair:1   | Killed a four-headed hydra
 13593 | Lair:2   | Reached skill level 13 in Axes
 13600 | Lair:2   | Reached skill level 10 in Fighting
 13822 | Lair:2   | Found a staircase to the Snake Pit.
 13832 | Lair:2   | Reached XP level 13. HP: 63/82 MP: 13/13
 13836 | Lair:2   | Reached skill level 5 in Stealth
 15231 | Lair:3   | Reached skill level 10 in Shields
 15433 | Lair:3   | Found a burning altar of Makhleb.
 15653 | Lair:3   | Found a staircase to the Shoals.
 16172 | Lair:4   | Reached skill level 14 in Axes
 16511 | Lair:4   | Noticed Rupert
 16529 | Lair:4   | HP: 2/124 [Rupert/+2 great mace of draining (21)]
 16530 | Lair:4   | Demolished by Rupert

Illustrated notes

Levels and vault maps discovered:
D:1:      kb_arrival_jail, layout_loops_ring,
          hellmonk_ecumenical_altar_inner_sanctum, serial_shops,
          nicolae_shop_crystal, minmay_misc_feat_ornament
D:2:      layout_basic, basic_altar
D:3:      layout_rooms
D:4:      layout_rooms
D:5:      layout_loops_ring, minmay_temple_entry_from_below_a, serial_shops,
          shop_scrolls, gup_sewer_entry_bowl, grunt_decor_cap, st_stairs_11,
          dreamdust_mushroom_princess, grunt_ministairs_6, uniq_pikel
D:6:      layout_rooms, nicolae_elyvilon_peaceful_grove, serial_bayou_pond_d,
          hex_intersection
D:7:      layout_loops_corners, vehumet_crystals,
          hangedman_abyss_or_decor_slice, uniq_duvessa, uniq_crazy_yiuf_cottage,
          uniq_joseph
D:8:      layout_basic
D:9:      layout_loops_ring, lemuel_doored_altar, kennysheep_island_fort
D:10:     kennysheep_windowed_halls, layout_loops_corners,
          mainiacjoe_overflow_large_starburst, orc_0_dummy, st_stairs_9,
          lightli_fourway_metalbox
D:11:     layout_gridville, erik_lair_orcish_takeover
Lair:1:   layout_cave_pods, uniq_harold
Lair:2:   layout_regular_city, dummy_snake_entry, serial_bayou_shore_a
Lair:3:   layout_loops_ring, elwin_shoals_entry_rocks, basic_altar,
          grunt_forest_small_clearing_treed
Lair:4:   nzn_winding_woodlands_cross [nzn_winding_woodlands_5x15_sidewinder,
          nzn_winding_woodlands_5x15_sawtooth, nzn_winding_woodlands_5x15_pool,
          nzn_winding_woodlands_5x15_parted,
          nzn_winding_woodlands_15x15_thick_spiral], layout_loops_ring,
          nicolae_slime_entry_slimehenge, uniq_rupert

Skill      XL: |  1  2  3  4  5  6  7  8  9 10 11 12 13 |
---------------+----------------------------------------+-----
Maces & Flails | 1 2 3 4 |  4.4
Fighting       | 4 5 6 7 9 10 | 10.6
Stealth        | 1 2 3 4 5 |  5.3
Axes           | 3 4 5 7 10 11 13 14 | 14.1
Shields        | 1 2 3 4 5 6 8 9 10 | 10.3
Dodging        | 2 3 4 5 6 |  6.6
Armour         | 3 4 5 6 |  6.5
Throwing       | |  0.6

Action                   |  1- 3 |  4- 6 |  7- 9 | 10-12 | 13-15 || total
-------------------------+-------+-------+-------+-------+-------++-------
Melee: Morningstar       |    94 |       |       |       |       ||    94
       Hand axe          |    15 |   104 |    55 |       |       ||   174
       Broad axe         |       |       |   106 |   425 |   142 ||   673
       Whip              |       |       |       |    20 |    13 ||    33
Throw: Dart              |       |     3 |       |     6 |     1 ||    10
Invok: Trog's Hand       |       |     1 |     1 |     7 |     4 ||    13
       Berserk           |       |       |     2 |     4 |     3 ||     9
       Brothers in Arms  |       |       |       |     1 |     2 ||     3
  Use: Scroll            |     4 |     4 |     4 |    14 |     3 ||    29
       Potion            |       |       |     4 |     4 |     3 ||    11
 Stab: Sleeping          |     1 |     2 |     3 |     2 |     2 ||    10
       Distracted        |       |       |       |     1 |       ||     1
Armor: Animal skin       |    36 |    32 |    44 |     8 |       ||   120
       Chain mail        |       |       |       |   105 |       ||   105
       Skin              |       |       |       |     2 |       ||     2
       Acid dragon scale |       |       |       |   129 |    60 ||   189
Dodge: Dodged            |    76 |    46 |    85 |   250 |    70 ||   527
Block: Other             |     7 |       |       |       |       ||     7
       Buckler           |       |    53 |    82 |   310 |    80 ||   525
       Reflection        |       |       |     5 |     7 |       ||    12

Table legend: (Time is in decaauts)
 A = Elapsed time spent in this place.
 B = Non-inter-level travel time spent in this place.
 C = Inter-level travel time spent in this place.
 D = Time resting spent in this place.
 E = Time spent auto-exploring this place.
 F = Levels seen in this place.
 G = Mean time per level.
                   A        B        C        D        E       F      G
               +--------+--------+--------+--------+--------+-----+--------+
         Total |  16670 |  16106 |    564 |    512 |  12710 |  15 | 1111.3 |
       Dungeon |  12201 |  11715 |    486 |    512 |   8918 |  11 | 1109.2 |
          Lair |   4469 |   4392 |     77 |      0 |   3791 |   4 | 1117.2 |
               +--------+--------+--------+--------+--------+-----+--------+

Top non-repeatable levels by time:
    D:10: 2294 daAuts
     D:5: 1523 daAuts
     D:7: 1512 daAuts
  Lair:1: 1511 daAuts
     D:1: 1426 daAuts
  Lair:2: 1284 daAuts
     D:9: 1136 daAuts
  Lair:3: 1074 daAuts
     D:6: 1039 daAuts
     D:2: 794 daAuts
     D:8: 790 daAuts
     D:4: 772 daAuts
  Lair:4: 599 daAuts
     D:3: 486 daAuts
    D:11: 426 daAuts
